 Dungeon Crawl Stone Soup version 0.23.1 (webtiles) character file.

Game seed: 16294134017707846300

137 Freyura the Vexing (level 5, -3/37 HPs)
             Began as a Vampire Enchanter on Mar 6, 2019.
             Slain by a scorpion (4 damage)
             ... on level 4 of the Dungeon.
             The game lasted 00:20:47 (2812 turns).

Freyura the Vexing (Vampire Enchanter)              Turns: 2812, Time: 00:20:48

Health: -3/37      AC: 10    Str:  7    XL:     5   Next: 0%
Magic:  2/8        EV: 13    Int: 18    God:
Gold:   214        SH:  0    Dex: 15    Spells: 2/8 levels left

rFire    . . .     SeeInvis +   e - +0 dagger (protect)
rCold    + + .     Gourm    .   (no shield)
rNeg     + + +     Faith    .   b - +0 robe
rPois    ∞         Spirit   .   c - +0 helmet
rElec    .         Reflect  .   (no cloak)
rCorr    +         Harm     .   (no gloves)
MR       .....                  (no boots)
Stlth    +++++.....             (no amulet)
HPRegen  0.00/turn              k - ring of resist corrosion
MPRegen  0.11/turn              (no ring)

@: protection aura, bloodless, non-regenerating
A: fangs 3, see invisible, unbreathing
a: Bat Form


You were on level 4 of the Dungeon.
You were bloodless.

You visited 1 branch of the dungeon, and saw 4 of its levels.

You collected 214 gold pieces.

Inventory:

Hand Weapons
 a - a +1 dagger
 e - a +0 dagger of protection (weapon)
Armour
 b - a +0 robe (worn)
 c - a +0 helmet (worn)
Jewellery
 k - a ring of resist corrosion (left hand)
Wands
 p - a wand of flame (19)
Scrolls
 j - a scroll of identify
 r - a scroll of amnesia
Potions
 d - 11 potions of blood
 f - a potion of mutation {unknown}
 g - a potion of agility {unknown}
 i - a potion of haste {unknown}
 l - 2 potions of berserk rage {unknown}
 m - a potion of lignification {unknown}
 q - a potion of curing {unknown}


   Skills:
 + Level 1.1 Fighting
 * Level 2.7 Short Blades
 + Level 2.8 Dodging
 + Level 5.3 Stealth
 + Level 2.4 Spellcasting
 + Level 5.6 Hexes


You had 2 spell levels left.
You knew the following spells:

 Your Spells              Type           Power        Failure   Level  Hunger
a - Corona                Hex            ###....      1%          1    #......
b - Ensorcelled Hibernat  Hex/Ice        ##....       9%          2    ##.....
c - Confuse               Hex            ###.....     4%          3    ###....

Your spell library contained the following spells:

 Spells                   Type           Power        Failure   Level  Hunger
 Tukima's Dance           Hex            ###.....     4%          3    ###....
 Dazzling Spray           Conj/Hex       ##....       16%         3    ###....


Dungeon Overview and Level Annotations

Branches:
Dungeon (4/15)
 Temple: D:4-7

Altars:
Gozag
Makhleb


Innate Abilities, Weirdness & Mutations

You do not heal naturally.
You are immune to poison.
You have razor-sharp teeth.
You have supernaturally acute eyesight. (SInv)
You can survive without breathing.


Message History

Casting: Ensorcelled Hibernation (safe; 9% risk of failure)
Confirm with . or Enter, or press ? or * to list all spells.
Aiming: Ensorcelled Hibernation (safe; 9% risk of failure)
Press: ? - help, Shift-Dir - straight line, f/p - scorpion
Aim: a scorpion (almost dead, chance to defeat MR: 43%)
The scorpion resists with some effort.
The scorpion stings you but does no damage.
You hit the scorpion but do no damage.
The scorpion is almost dead.
The scorpion misses you.
You closely miss the scorpion.
The scorpion is almost dead.
The scorpion stings you but does no damage.
You closely miss the scorpion.
The scorpion is almost dead.
The scorpion stings you but does no damage.
You hit the scorpion but do no damage.
The scorpion is almost dead.
The scorpion stings you.
You die...

.### ...# #########
####.###.......#
#......#.......##.###
#.##.#.#.)....s......
#.#..#.......@#
#..#...#......#
#<#.#.........###+#
#.##...#...[..###_+
#......####.#.###+#
#####.## #.#.# #†#
..#!# #.# .###.. #.#
#. #.#


You could see a scorpion.

Vanquished Creatures
  A scorpion (D:4)
  An adder (D:2)
  An ooze (D:1)
  2 worms
  A dart slug (D:1)
  A leopard gecko (D:1)
  6 bats
  11 giant cockroaches
  4 goblins
  8 hobgoblins
  3 jackals (D:3)
  3 frilled lizards
  8 kobolds
  13 rats
63 creatures vanquished.

Notes
Turn   | Place    | Note
-------+----------+-------------------------------------------
     0 | D:1      | Freyura the Vampire Enchanter began the quest for the Orb.
     0 | D:1      | Reached XP level 1. HP: 13/13 MP: 3/3
   175 | D:1      | Reached XP level 2. HP: 19/19 MP: 5/5
   179 | D:1      | Learned a level 2 spell: Ensorcelled Hibernation
   549 | D:1      | Reached XP level 3. HP: 23/25 MP: 2/6
   806 | D:1      | Reached skill level 5 in Hexes
  2067 | D:2      | Reached skill level 5 in Stealth
  2067 | D:2      | Reached XP level 4. HP: 31/31 MP: 7/7
  2210 | D:2      | Learned a level 3 spell: Confuse
  2245 | D:3      | Found an opulent altar of Gozag.
  2743 | D:4      | Reached skill level 1 in Fighting
  2743 | D:4      | Reached XP level 5. HP: 37/37 MP: 8/8
  2749 | D:4      | Found a burning altar of Makhleb.
  2807 | D:4      | HP: 1/37 [scorpion (2)]
  2812 | D:4      | Slain by a scorpion

Skill      XL: |  1  2  3  4 |
---------------+-------------+-----
Hexes          | 5 |  5.6
Short Blades   | 2 |  2.7
Stealth        | 5 |  5.3
Fighting       | 1 |  1.1
Dodging        | |  2.8
Spellcasting   | |  2.4

Action                   |  1- 3 |  4- 6 || total
-------------------------+-------+-------++-------
Melee: Dagger            |   194 |   104 ||   298
       Bite              |    16 |     7 ||    23
 Cast: Ensorcelled Hiber |    11 |     8 ||    19
  Use: Scroll            |     2 |     4 ||     6
       Potion            |     1 |       ||     1
 Stab: Sleeping          |    21 |    12 ||    33
Armor: Robe              |    48 |    33 ||    81
Dodge: Dodged            |   128 |    45 ||   173
